 Dungeon Crawl Stone Soup version 0.27-a0-679-g77a6b55cf3 (webtiles) character file.

Game seed: 15743735608613728261

1022 Froggeryz the Cleaver (level 8, -5/58 (68) HPs)
             Began as a Hill Orc Artificer on Mar 18, 2021.
             Was a Believer of Beogh.
             Slain by a wight
             ... wielding a +5 great sword of freezing
              (10 damage)
             ... on level 5 of the Dungeon.
             The game lasted 00:09:48 (9349 turns).

Froggeryz the Cleaver (Hill Orc Artificer)          Turns: 9349, Time: 00:09:50

HP:   -5/58 (68)    AC:  9    Str: 17    XL:     8   Next: 22%
MP:   7/7           EV:  9    Int: 11    God:    Beogh [**....]
Gold: 274           SH:  0    Dex: 13    Spells: 7/7 levels left

rFire    . . .     SeeInvis .   s - +0 war axe
rCold    . . .     Faith    .   (no shield)
rNeg     + . .     Spirit   .   l - +0 scale mail
rPois    .         Reflect  .   b - +0 helmet
rElec    .         Harm     .   (no cloak)
rCorr    .         Rampage  .   (no gloves)
Will     .....                  C - +0 pair of boots
Stlth    ..........             (no amulet)
HPRegen  0.19/turn              o - ring of positive energy
MPRegen  0.10/turn              (no ring)

@: about to teleport, heavily drained
A: agile 1, low mp 1
a: Renounce Religion, Smiting


You were on level 5 of the Dungeon.
You worshipped Beogh.
Beogh was pleased with you.
You visited 1 branch of the dungeon, and saw 6 of its levels.
You also visited: Sewer.

You collected 274 gold pieces.

Inventory:

Hand Weapons
 s - a +0 war axe (weapon)
Missiles
 n - 11 curare-tipped darts
Armour
 b - a +0 helmet (worn)
 l - a +0 scale mail (worn)
 C - a +0 pair of boots (worn)
 F - a +0 buckler
Jewellery
 o - a ring of positive energy (right hand)
Wands
 c - a wand of flame (15) (quivered)
 d - a wand of charming (12)
 e - a wand of random effects (8)
 k - a wand of iceblast (10)
Scrolls
 f - a scroll of brand weapon {unknown}
 g - a scroll of amnesia {unknown}
 h - a scroll of fog
 i - a scroll of fear {unknown}
 j - 2 scrolls of immolation {unknown}
 m - a scroll of enchant armour
 p - a scroll of blinking {unknown}
 r - 2 scrolls of identify
 t - a scroll of acquirement {unknown}
 y - a scroll of enchant weapon {unknown}
 A - 2 scrolls of teleportation
 D - a scroll of vulnerability {unknown}
 G - 2 scrolls of magic mapping
Potions
 a - 2 potions of cancellation
 q - a potion of degeneration {unknown}
 u - 2 potions of brilliance {unknown}
 v - a potion of curing
 w - 2 potions of might {unknown}
 x - a potion of mutation
 z - 2 potions of heal wounds
 B - a potion of ambrosia {unknown}
 E - a potion of flight {unknown}
 H - a potion of magic


   Skills:
 - Level 5.1 Fighting
 * Level 9.2(9.3) Axes
 - Level 1.3(5.0) Maces & Flails
 - Level 0.2(0.6) Staves
 - Level 3.4 Armour
 - Level 0.7 Dodging
 - Level 0.7 Stealth
 + Level 2.8 Shields
 - Level 3.0 Evocations


You had 7 spell levels left.
You didn't know any spells.
Your spell library contained the following spells:

 Spells                   Type           Power      Damage    Failure   Level
 Magic Dart               Conj           0%         1d3       75%         1
 Blink                    Tloc           N/A        N/A       86%         2
 Call Imp                 Summ           0%         N/A       86%         2
 Slow                     Hex            0%         N/A       86%         2
 Conjure Flame            Conj/Fire      0%         6-21      98%         3
 Mephitic Cloud           Conj/Pois/Air  0%         N/A       98%         3


Dungeon Overview and Level Annotations

Branches:
Dungeon (6/15)              Sewer (visited)
 Temple: D:4-7

Altars:
Ashenzari
Dithmenos
Elyvilon
Fedhas
Gozag
Nemelex Xobeh
Okawaru
Sif Muna
Wu Jian

Shops:
D:3 =


Innate Abilities, Weirdness & Mutations

You are agile. (Dex +2)
Your magical capacity is low. (-10% MP)


Message History

The wight hits you with a +5 great sword of freezing.
You partially resist.
You feel drained. The wight freezes you. The wight barely misses you.
There is a stone staircase leading up here.
Unknown command.
The wight hits you but does no damage.
The wight hits you with a +5 great sword of freezing.
The wight freezes you. The wight hits you with a +3 falchion.
The wight barely misses you.
You climb upwards.
There is a stone staircase leading down here.
Unknown command.
As you read the scroll labelled XUIQANU OGGOA, it crumbles to dust.
The scroll dissolves into smoke.
It was a scroll of fog.
The wight completely misses you. The wight closely misses you.
The wight hits you with a +5 great sword of freezing.
You partially resist.
You feel drained. The wight freezes you. The wight hits you but does no damage.
As you read the scroll of fog, it crumbles to dust.
The scroll dissolves into smoke.
The wight closely misses you. The wight hits you with a +3 falchion!
The wight hits you with a +5 great sword of freezing.
You partially resist.
You feel drained. The wight freezes you. The wight closely misses you.
As you read the scroll labelled JUKUED ZEOB, it crumbles to dust.
You feel strangely unstable.
It was a scroll of teleportation.
The wight barely misses you. The wight hits you with a +3 falchion.
The wight hits you with a +5 great sword of freezing!
* * * LOW HITPOINT WARNING * * *
The wight freezes you.
* * * LOW HITPOINT WARNING * * *
The wight closely misses you.
As you read the scroll labelled MASHYTOMNEYMYO, it crumbles to dust.
You feel momentarily disoriented.
It was a scroll of magic mapping.
The wight hits you but does no damage. The wight hits you with a +3 falchion!
* * * LOW HITPOINT WARNING * * *
You partially resist.
You feel drained.
* * * LOW HITPOINT WARNING * * *
The wight hits you with a +5 great sword of freezing!
You die...

#...#
#...#+#####
#...#
###..#..)..#
#####
#....#.###.#####
#......# #.....#
#....#.# #####.#
#......# #.#
#...#§§#######.#
#####zz##......#
#z@##.######
##z##.# #§##.#
#.##.# #....#
######


You could see 4 wights.

Vanquished Creatures
  An ice beast (D:5)
  2 ogres (D:6)
  A centaur (D:6)
  A water moccasin skeleton (D:5)
  A scorpion (D:6)
  4 hounds
  A bullfrog skeleton (D:4)
  Ijyb (D:3)
  Terence (D:3)
  2 iguanas (D:5)
  3 worker ants
  Robin (D:4)
  8 adders
  A river rat (Sewer)
  3 shadow imps (D:5)
  A white imp (D:5)
  An ufetubus (D:5)
  3 adder zombies
  2 adder skeletons (D:5)
  5 worms
  A leopard gecko (D:2)
  3 orcs
  3 ball pythons
  8 giant cockroaches
  12 goblins
  12 hobgoblins
  3 jackals
  4 quokkas (D:1)
  7 bats
  12 frilled lizards
  A jackal skeleton (D:5)
  5 kobolds
  A leopard gecko skeleton (D:5)
  A leopard gecko zombie (D:5)
  A quokka skeleton (D:5)
  6 rats
123 creatures vanquished.

Vanquished Creatures (collateral kills)
  A howler monkey (D:6)
  A ball python (D:6)
  A rat (D:6)
3 creatures vanquished.

Vanquished Creatures (others)
  An orc (D:3)
  A goblin (D:3)
  A kobold (D:1)
  21 plants (D:2)
24 creatures vanquished.

Grand Total: 150 creatures vanquished

Notes
Turn   | Place    | Note
-------+----------+-------------------------------------------
     0 | D:1      | Froggeryz the Hill Orc Artificer began the quest for the
                  | Orb.
     0 | D:1      | Reached XP level 1. HP: 16/16 MP: 1/1
   408 | D:1      | Reached XP level 2. HP: 2/25 MP: 2/2
  1773 | D:1      | Reached XP level 3. HP: 29/31 MP: 3/3
  2253 | D:2      | You fall into a shaft and drop 2 floors!
  2281 | D:3      | Found Nachuqij's Jewellery Boutique.
  2324 | D:3      | Noticed Ijyb
  2378 | D:3      | Found an iron altar of Okawaru.
  2396 | D:3      | Became a worshipper of Beogh the Brigand
  2818 | D:3      | Killed Ijyb
  2819 | D:3      | Reached XP level 4. HP: 9/41 MP: 4/4
  3507 | D:2      | Reached skill level 5 in Fighting
  3953 | D:2      | Found a blossoming altar of Fedhas.
  4021 | D:2      | Found a sparkling altar of Nemelex Xobeh.
  4024 | D:2      | Found an ornate altar of the Wu Jian Council.
  4066 | D:2      | Found a shadowy altar of Dithmenos.
  4095 | D:3      | Found a broken altar of Ashenzari.
  4117 | D:3      | Reached XP level 5. HP: 23/48 MP: 5/5
  4353 | D:3      | Noticed Terence
  4369 | D:3      | Gained mutation: Your magical capacity is low. (-10% MP)
                  | [potion of mutation]
  4369 | D:3      | Gained mutation: You are agile. (Dex +2) [potion of
                  | mutation]
  4373 | D:3      | Killed Terence
  4818 | D:4      | Found a white marble altar of Elyvilon.
  4838 | D:4      | Reached skill level 1 in Maces & Flails
  4876 | D:4      | Reached skill level 1 in Axes
  5158 | D:4      | Noticed Robin
  5165 | D:4      | Reached skill level 2 in Axes
  5180 | D:4      | Killed Robin
  5180 | D:4      | Reached * piety under Beogh
  5554 | D:4      | Reached XP level 6. HP: 44/56 MP: 5/5
  5773 | D:4      | Reached skill level 3 in Axes
  5778 | D:4      | Identified the +7 hunting sling "Weudy" {flame, rC- Int+8}
  6167 | D:5      | Entered Level 5 of the Dungeon
  6261 | D:5      | Reached skill level 4 in Axes
  6584 | D:5      | Reached skill level 5 in Axes
  6593 | D:5      | Noticed an ice beast
  6610 | D:5      | Killed an ice beast
  6611 | D:5      | Reached skill level 6 in Axes
  6611 | D:5      | Reached XP level 7. HP: 37/61 MP: 6/6
  6867 | D:5      | Reached skill level 7 in Axes
  7074 | D:5      | Found a shimmering blue altar of Sif Muna.
  7386 | D:5      | Found an opulent altar of Gozag.
  7776 | D:6      | Reached skill level 1 in Shields
  7781 | D:6      | Reached skill level 8 in Axes
  7918 | D:6      | Found a glowing drain.
  7936 | Sewer    | Entered a sewer
  8195 | Sewer    | Reached ** piety under Beogh
  8545 | D:6      | Reached XP level 8. HP: 17/68 MP: 7/7
  8807 | D:6      | Reached skill level 9 in Axes
  9349 | D:5      | Slain by a wight

Illustrated notes

Levels and vault maps discovered:
D:1:      saegor_arrival_simple_e, layout_rooms
D:2:      layout_loops_ring, fedhas_altar_fruit_tree,
          grunt_temple_overflow_diamond, serial_bayou, serial_bayou_lake_a,
          serial_bayou_pond_e, serial_bayou_pond_c, serial_bayou_pond_d,
          serial_bayou_pond_e
D:3:      layout_basic, ashenzari_conservatory_becter,
          kennysheep_okawaru_gauntlet, serial_shops, shop,
          chequers_serial_rivers_marsh, interstate_on_off, uniq_terence,
          uniq_ijyb
D:4:      layout_cave_pods, old_standard_altar, uniq_robin
D:5:      minmay_skewed_foursquare, layout_basic, general_overflow_altar,
          lemuel_doored_altar
D:6:      layout_cave_pools, minmay_temple_entry_statues,
          cheibrodos_sewer_entry_drain

Skill      XL: |  1  2  3  4  5  6  7  8 |
---------------+-------------------------+-----
Fighting       | 2 3 4 5 |  5.1
Armour         | 3 |  3.4
Maces & Flails | 1 |  1.3
Axes           | 2 6 8 9 |  9.2
Shields        | 2 |  2.8
Staves         | |  0.2
Dodging        | |  0.7
Stealth        | |  0.7
Evocations     | |  3.0

Action                   |  1- 3 |  4- 6 |  7- 9 || total
-------------------------+-------+-------+-------++-------
Melee: Club              |    69 |       |       ||    69
       Quarterstaff      |   108 |    50 |       ||   158
       Spear             |       |    74 |       ||    74
       War axe           |       |   119 |   140 ||   259
       Flail             |       |    16 |       ||    16
Invok: Convert to Beogh  |     1 |       |       ||     1
Evoke: Wand              |     9 |       |     1 ||    10
  Use: Potion            |     5 |     3 |       ||     8
       Scroll            |     1 |       |     4 ||     5
 Stab: Sleeping          |     1 |       |       ||     1
       Paralysed         |    12 |       |       ||    12
       Distracted        |       |     1 |       ||     1
Armor: Leather armour    |    59 |       |       ||    59
       Skin              |    27 |       |       ||    27
       Scale mail        |       |   175 |    72 ||   247
Dodge: Dodged            |   122 |   170 |    75 ||   367

Table legend: (Time is in decaauts)
 A = Elapsed time spent in this place.
 B = Non-inter-level travel time spent in this place.
 C = Inter-level travel time spent in this place.
 D = Time resting spent in this place.
 E = Time spent auto-exploring this place.
 F = Levels seen in this place.
 G = Mean time per level.
                   A        B        C        D        E       F      G
               +--------+--------+--------+--------+--------+-----+--------+
         Total |   9576 |   9251 |    325 |   3995 |   3831 |   7 | 1368.0 |
       Dungeon |   8952 |   8627 |    325 |   3702 |   3625 |   6 | 1492.0 |
         Sewer |    623 |    623 |      0 |    293 |    205 |   1 |  623.0 |
               +--------+--------+--------+--------+--------+-----+--------+

Top non-repeatable levels by time:
     D:1: 2146 daAuts
     D:5: 1772 daAuts
     D:3: 1553 daAuts
     D:4: 1480 daAuts
     D:2: 1236 daAuts
     D:6: 763 daAuts
   Sewer: 623 daAuts
